Map: Celestial Enclave LE

Players

Fantasy

  • Race: Terran Terran
  • League: Master
  • Spawn Location: 7:00

VOD

Have the link to the VOD?

Description

Time

  • Played on: March 8, 2026, 3:39 p.m.
  • Length: 7:52
Show
View Real Time Build Order
Export as new Build Order

Fantasy Terran 

Build Orders:  

Get SALT Encoding   

  12  0:00  SCV  
  13  0:17  SCV  
  14  0:23  Supply Depot  
  14  0:34  SCV  
  15  0:53  SCV  
  15  0:56  Barracks  
  16  1:02  Refinery  
  16  1:10  SCV  
  17  1:27  SCV  
  18  1:44  SCV  
  19  2:03  Orbital Command  
  19  2:07  Reaper  
  20  2:10  Supply Depot  
  20  2:24  Command Center  
  20  2:34  Supply Depot  
  20  2:38  SCV  
  21  2:47  Marine  
  22  2:56  SCV  
  23  3:06  Factory  
  23  3:11  Refinery  
  23  3:13  SCV  
  24  3:30  SCV  
  24  3:32  Bunker, Barracks Reactor  
  25  3:43  Engineering Bay  
  25  3:47  SCV  
  26  3:54  Engineering Bay  
  26  4:06  Factory Tech Lab  
  26  4:19  Orbital Command  
  25  4:20  SCV  
  25  4:25  Marine  
  27  4:32  Terran Infantry Weapons Level 1  
  27  4:37  SCV  
  28  4:41  Terran Infantry Armor Level 1  
  28  4:50  Marine  
  28  4:54  SCV  
  28  4:55  Marine  
  31  5:05  SCV  
  32  5:16  Cyclone  
  32  5:17  SCV  
  36  5:22  SCV  
  37  5:34  SCV  
  37  5:37  Supply Depot  
  37  5:39  SCV  
  39  5:50  Marine x2  
  39  5:51  SCV  
  39  5:56  SCV  
  43  6:08  SCV  
  44  6:12  Armory  
  44  6:13  SCV  
  44  6:17  Barracks  
  44  6:18  Barracks  
  45  6:24  Refinery  
  45  6:25  SCV  
  45  6:26  Refinery  
  46  6:30  SCV  
  46  6:36  Marine x2  
  46  6:37  Siege Tank  
  52  6:42  SCV  
  52  6:49  Starport  
  53  6:59  SCV  
  54  7:03  Supply Depot  
  54  7:36  Barracks Tech Lab  
  56  7:43  Factory Reactor  
  56  7:45  Starport Reactor  
  56  7:46  Factory Tech Lab  
Tags
 
Add a new tag
Caveats
  • Supply blocks, unpowered buildings, or Contaminate may cause inaccurate times.
  • Supply counts are checked every 10 seconds.